AA SOUTH
TENNESSEE SMOKIES @ PENSACOLA BLUE WAHOOS
07/14/2041
 
TOP OF THE 1ST
Tennessee Smokies batting - Pitching for Pensacola Blue Wahoos : RHP Cal Clark
Pitching: RHP Cal Clark
Batting: LHB Juan De Los Santos 0-0: Called Strike
0-1: Swinging Strike
0-2: Ball
1-2: Ball
2-2: Ball
3-2: Foul Ball, location: 2F
3-2: Ground out U3 (Groundball, 34, EV 86.9 MPH)
Batting: LHB Eric Roach 0-0: Ground out 4-3 (Groundball, 34, EV 89.4 MPH)
Batting: LHB Johnathan Alexander 0-0: Called Strike
0-1: DOUBLE (Flyball, 78D, EV 105.6 MPH)
Batting: SHB Nelson Jiménez 0-0: Ball
1-0: Ball
2-0: Called Strike
2-1: Ball
3-1: Base on Balls
Batting: LHB Norberto Liñares 0-0: Foul Ball, location: 25F
0-1: Fielders Choice at 3rd, U5 (Groundball, 5, EV 84.4 MPH)
Top of the 1st over - 0 runs, 1 hit, 0 errors, 1 left on base; Tennessee 0 - Pensacola 0
BOTTOM OF THE 1ST
Pensacola Blue Wahoos batting - Pitching for Tennessee Smokies : RHP Jermaine McConrey
Pitching: RHP Jermaine McConrey
Batting: SHB Steve Clark 0-0: Bunt missed!
0-1: Called Strike
0-2: Foul Ball, location: 2F
0-2: Strikes out swinging
Batting: RHB Dan Offen 0-0: Ball
1-0: Called Strike
1-1: Ball
2-1: Ground out 5-3 (Groundball, 56, EV 78.8 MPH)
Batting: RHB Sang-keun Park 0-0: Ball
1-0: Swinging Strike
1-1: Ball
2-1: Foul Ball, location: 9LMF
2-2: Fly out, F8 (Line Drive, 8RM, EV 99.4 MPH)
Bottom of the 1st over - 0 runs, 0 hits, 0 errors, 0 left on base; Tennessee 0 - Pensacola 0
TOP OF THE 2ND
Tennessee Smokies batting - Pitching for Pensacola Blue Wahoos : RHP Cal Clark
Pitching: RHP Randy White
Batting: RHB Bob Saunders 0-0: Ball
1-0: SINGLE (Groundball, 6MD, EV 95.6 MPH)
Batting: RHB Greg Stewart 0-0: 2-RUN HOME RUN (Flyball, 7D, EV 95.0 MPH), Distance : 366 ft
Batting: RHB Chris Morris 0-0: SINGLE (Line Drive, 5D, EV 100.0 MPH)
Batting: RHB Alex Thomas 0-0: Called Strike
0-1: Sac Bunt to 2L - play at second, runner OUT! 2-6
Batting: LHB Juan De Los Santos 0-0: Swinging Strike
0-1: Foul Ball, location: 23FF
0-2: Ball
1-2: Ball
2-2: Fly out, F8 (Flyball, 8LD, EV 87.5 MPH)
Batting: LHB Eric Roach 0-0: Ball
1-0: TRIPLE (Groundball, 3L, EV 94.4 MPH)
Alex Thomas scores
Batting: LHB Johnathan Alexander 0-0: Ball
1-0: Foul Ball, location: 2F
1-1: Fly out, F7 (Flyball, 7S, EV 84.4 MPH)
Top of the 2nd over - 3 runs, 4 hits, 0 errors, 1 left on base; Tennessee 3 - Pensacola 0
BOTTOM OF THE 2ND
Pensacola Blue Wahoos batting - Pitching for Tennessee Smokies : RHP Jermaine McConrey
Batting: LHB José Guedán 0-0: Ball
1-0: Fly out, F8 (Flyball, 8RD, EV 106.9 MPH)
Batting: SHB Jorge Mendoza 0-0: Swinging Strike
0-1: Called Strike
0-2: Strikes out looking
Batting: LHB Juan Lazu 0-0: Ball
1-0: Ball
2-0: Called Strike
2-1: Called Strike
2-2: Strikes out swinging
Bottom of the 2nd over - 0 runs, 0 hits, 0 errors, 0 left on base; Tennessee 3 - Pensacola 0
TOP OF THE 3RD
Tennessee Smokies batting - Pitching for Pensacola Blue Wahoos : RHP Randy White
Batting: SHB Nelson Jiménez 0-0: Ball
1-0: Ball
2-0: Ball
3-0: Base on Balls
Batting: LHB Norberto Liñares 0-0: Bunt missed!
0-1: Ball
1-1: Sac Bunt to 25 - play at first, batter safe!
Nelson Jiménez to second
Batting: RHB Bob Saunders 0-0: Foul Ball, location: 2LF
0-1: Sac Bunt to 13 - play at first, batter OUT! 1-3
Nelson Jiménez to third
Norberto Liñares to second
Batting: RHB Greg Stewart 0-0: Ball
1-0: Ball
2-0: Ball
3-0: Called Strike
3-1: Base on Balls
Batting: RHB Chris Morris 0-0: Ball
1-0: Fly out, F8 (Flyball, 8RXD, EV 77.5 MPH)
Runner from 3rd tags up, SCORES, no throw by CF
Norberto Liñares to third
Batting: RHB Alex Thomas 0-0: Ball
1-0: Called Strike
1-1: Ball
2-1: Ball
3-1: Base on Balls
Greg Stewart to second
Batting: LHB Juan De Los Santos 0-0: Called Strike
0-1: Ball
1-1: Called Strike
1-2: Foul Ball, location: 9LSF
1-2: Fielders Choice at 2nd, 5-4 (Groundball, 56, EV 103.8 MPH)
Top of the 3rd over - 1 run, 1 hit, 0 errors, 3 left on base; Tennessee 4 - Pensacola 0
BOTTOM OF THE 3RD
Pensacola Blue Wahoos batting - Pitching for Tennessee Smokies : RHP Jermaine McConrey
Batting: RHB Esteban Cabrera 0-0: Ball
1-0: Ground out 6-3 (Groundball, 6, EV 105.6 MPH)
Batting: RHB Ben Butler 0-0: Ball
1-0: Fly out, F6 (Flyball, 6MD, EV 89.4 MPH)
Batting: RHB Lúcio Rodríguez 0-0: Ball
1-0: Ball
2-0: SINGLE (Groundball, 34D, EV 105.0 MPH)
Batting: SHB Steve Clark 0-0: Ball
1-0: Ball
Wild Pitch!
Lúcio Rodríguez to second
2-0: Called Strike
2-1: Ground out 6-3 (Groundball, 6S, EV 86.9 MPH)
Bottom of the 3rd over - 0 runs, 1 hit, 0 errors, 1 left on base; Tennessee 4 - Pensacola 0
TOP OF THE 4TH
Tennessee Smokies batting - Pitching for Pensacola Blue Wahoos : RHP Randy White
Batting: LHB Eric Roach 0-0: Ball
1-0: Foul Ball, location: 2F
1-1: Foul Ball, location: 9LMFF
1-2: Ball
2-2: Ball
3-2: Fly out, F8 (Flyball, 8LD, EV 93.8 MPH)
Batting: LHB Johnathan Alexander 0-0: Called Strike
0-1: Ball
1-1: Called Strike
1-2: Ball
2-2: Strikes out swinging
Batting: SHB Nelson Jiménez 0-0: Called Strike
0-1: Called Strike
0-2: Foul Ball, location: 5F
0-2: Ball
1-2: Strikes out swinging
Top of the 4th over - 0 runs, 0 hits, 0 errors, 0 left on base; Tennessee 4 - Pensacola 0
BOTTOM OF THE 4TH
Pensacola Blue Wahoos batting - Pitching for Tennessee Smokies : RHP Jermaine McConrey
Batting: RHB Dan Offen 0-0: Ball
1-0: SINGLE (Line Drive, 8RS, EV 104.4 MPH)
Batting: RHB Sang-keun Park 0-0: Called Strike
0-1: Ball
1-1: Ball
2-1: SINGLE (Groundball, 4D, EV 100.0 MPH)
Dan Offen to second
Runner from 2nd tries for 3rd, SAFE, throw by CF made to third
Batting: LHB José Guedán 0-0: Called Strike
0-1: Ball
1-1: Foul Ball, location: 2F
1-2: Ball
2-2: Ball
3-2: Strikes out swinging
Batting: SHB Jorge Mendoza 0-0: Swinging Strike
0-1: Foul Ball, location: 2F
0-2: Strikes out swinging
Batting: LHB Juan Lazu 0-0: Fielders Choice at 2nd, U6 (Groundball, 6M, EV 81.3 MPH)
Bottom of the 4th over - 0 runs, 2 hits, 0 errors, 2 left on base; Tennessee 4 - Pensacola 0
TOP OF THE 5TH
Tennessee Smokies batting - Pitching for Pensacola Blue Wahoos : RHP Randy White
Batting: LHB Norberto Liñares 0-0: Ball
1-0: Ball
2-0: Foul Ball, location: 2F
2-1: Ball
3-1: Called Strike
3-2: Strikes out swinging
Batting: RHB Bob Saunders 0-0: SINGLE (Line Drive, 8RS, EV 85.0 MPH)
Batting: RHB Greg Stewart 0-0: Called Strike
0-1: Called Strike
0-2: Hit by Pitch
Bob Saunders to second
Batting: RHB Chris Morris 0-0: Ball
1-0: Foul Ball, location: 5F
1-1: Ball
2-1: Ball
3-1: Base on Balls
Bob Saunders to third
Greg Stewart to second
Batting: RHB Alex Thomas 0-0: Called Strike
0-1: Called Strike
0-2: Ball
1-2: Fly out, F8 (Flyball, 8RD, EV 89.4 MPH)
Runner from 3rd tags up, SCORES, throw by CF
Greg Stewart to third
Pitching: RHP Juan Díaz
Batting: LHB Juan De Los Santos Pickoff Throw to First - Out! 1-3
Top of the 5th over - 1 run, 1 hit, 0 errors, 1 left on base; Tennessee 5 - Pensacola 0
BOTTOM OF THE 5TH
Pensacola Blue Wahoos batting - Pitching for Tennessee Smokies : RHP Jermaine McConrey
Batting: RHB Esteban Cabrera 0-0: Ball
1-0: Ball
2-0: Called Strike
2-1: Foul Ball, location: 2RF
2-2: Foul Ball, location: 25F
2-2: Ball
3-2: Ground out 5-3 (Groundball, 56, EV 80.0 MPH)
Batting: RHB Ben Butler 0-0: Ground out U3 (Groundball, 3S, EV 65.0 MPH)
Batting: RHB Lúcio Rodríguez 0-0: Called Strike
0-1: DOUBLE (Flyball, 8RD, EV 95.6 MPH)
Batting: SHB Steve Clark 0-0: Foul Ball, location: 7LMF
0-1: Swinging Strike
0-2: Ball
1-2: Foul Ball, location: 7LDF
1-2: Ball
2-2: Foul Ball, location: 2F
2-2: Foul Ball, location: 2F
2-2: Ball
3-2: Ground out 1-3 (Groundball, 34S, EV 66.3 MPH)
Bottom of the 5th over - 0 runs, 1 hit, 0 errors, 1 left on base; Tennessee 5 - Pensacola 0
TOP OF THE 6TH
Tennessee Smokies batting - Pitching for Pensacola Blue Wahoos : RHP Juan Díaz
Batting: LHB Juan De Los Santos 0-0: Called Strike
0-1: Called Strike
0-2: Foul Ball, location: 5F
0-2: Ball
1-2: Ball
2-2: Strikes out looking
Batting: LHB Eric Roach 0-0: Ball
1-0: Ball
2-0: Ball
3-0: Called Strike
3-1: SOLO HOME RUN (Flyball, 78XD, EV 99.4 MPH), Distance : 405 ft
Batting: LHB Johnathan Alexander 0-0: Ball
1-0: Called Strike
1-1: Swinging Strike
1-2: Strikes out swinging
Batting: SHB Nelson Jiménez 0-0: Called Strike
0-1: Swinging Strike
0-2: Foul Ball, location: 2F
0-2: Ball
1-2: Foul Ball, location: 9LSFF
1-2: Strikes out swinging
Top of the 6th over - 1 run, 1 hit, 0 errors, 0 left on base; Tennessee 6 - Pensacola 0
BOTTOM OF THE 6TH
Pensacola Blue Wahoos batting - Pitching for Tennessee Smokies : RHP Jermaine McConrey
Batting: RHB Dan Offen 0-0: Called Strike
0-1: Foul Ball, location: 2F
0-2: Fly out, F8 (Flyball, 8LD, EV 105.6 MPH)
Batting: RHB Sang-keun Park 0-0: Ball
1-0: Ball
2-0: Swinging Strike
2-1: Ground out 6-3 (Groundball, 56D, EV 99.4 MPH)
Batting: LHB José Guedán 0-0: Foul Ball, location: 9LSFF
0-1: Ball
1-1: Fly out, F7 (Flyball, 7, EV 94.4 MPH)
Bottom of the 6th over - 0 runs, 0 hits, 0 errors, 0 left on base; Tennessee 6 - Pensacola 0
TOP OF THE 7TH
Tennessee Smokies batting - Pitching for Pensacola Blue Wahoos : RHP Juan Díaz
Batting: LHB Norberto Liñares 0-0: Called Strike
0-1: Ball
1-1: Swinging Strike
1-2: Strikes out swinging, 2-3 out at first.
Batting: RHB Bob Saunders 0-0: Ball
1-0: Called Strike
1-1: Ground out 6-3 (Groundball, 6, EV 87.5 MPH)
Batting: RHB Greg Stewart 0-0: SINGLE (Line Drive, 78S, EV 91.9 MPH)
Batting: RHB Chris Morris 0-0: Ball
1-0: Ball
2-0: Called Strike
2-1: Ground out 4-3 (Groundball, 34, EV 85.6 MPH)
Top of the 7th over - 0 runs, 1 hit, 0 errors, 1 left on base; Tennessee 6 - Pensacola 0
BOTTOM OF THE 7TH
Pensacola Blue Wahoos batting - Pitching for Tennessee Smokies : RHP Jermaine McConrey
Batting: SHB Jorge Mendoza 0-0: Ball
1-0: Swinging Strike
1-1: Ball
2-1: Ball
3-1: Foul Ball, location: 7LSF
3-2: Ground out 1-3 (Groundball, 13S, EV 66.3 MPH)
Batting: LHB Juan Lazu 0-0: Foul Ball, location: 3F
0-1: Foul Ball, location: 2F
0-2: Strikes out swinging
Batting: RHB Esteban Cabrera 0-0: Ball
1-0: Ball
2-0: Called Strike
2-1: DOUBLE (Line Drive, 5D, EV 99.4 MPH)
Batting: RHB Ben Butler 0-0: Called Strike
0-1: Foul Ball, location: 2F
0-2: SINGLE (Line Drive, 89S, EV 105.0 MPH)
Esteban Cabrera to third
Runner from 3rd tries for Home, SAFE, throw by RF to home
Pitching: RHP Greg Roach
Batting: RHB Lúcio Rodríguez 0-0: Ball
1-0: Ball
2-0: Called Strike
2-1: Ball
3-1: Fly out, F8 (Flyball, 78M, EV 97.5 MPH)
Bottom of the 7th over - 1 run, 2 hits, 0 errors, 1 left on base; Tennessee 6 - Pensacola 1
TOP OF THE 8TH
Tennessee Smokies batting - Pitching for Pensacola Blue Wahoos : RHP Juan Díaz
Batting: RHB Alex Thomas 0-0: Swinging Strike
0-1: Foul Ball, location: 2F
0-2: Ball
1-2: Ground out 6-3 (Groundball, 6, EV 91.9 MPH)
Batting: LHB Juan De Los Santos 0-0: Ball
1-0: Called Strike
1-1: Foul Ball, location: 3FF
1-2: Strikes out swinging
Batting: LHB Eric Roach 0-0: Called Strike
0-1: Swinging Strike
0-2: Ball
1-2: Strikes out swinging
Top of the 8th over - 0 runs, 0 hits, 0 errors, 0 left on base; Tennessee 6 - Pensacola 1
BOTTOM OF THE 8TH
Pensacola Blue Wahoos batting - Pitching for Tennessee Smokies : RHP Greg Roach
Batting: SHB Steve Clark 0-0: Foul Ball, location: 2F
0-1: Called Strike
0-2: Strikes out swinging
Batting: RHB Dan Offen 0-0: Ground out 5-3 (Groundball, 56S, EV 86.3 MPH)
Batting: RHB Sang-keun Park 0-0: Ball
1-0: Ground out 5-3 (Groundball, 56, EV 101.9 MPH)
Bottom of the 8th over - 0 runs, 0 hits, 0 errors, 0 left on base; Tennessee 6 - Pensacola 1
TOP OF THE 9TH
Tennessee Smokies batting - Pitching for Pensacola Blue Wahoos : RHP Juan Díaz
Batting: LHB Johnathan Alexander 0-0: Called Strike
0-1: SINGLE (Groundball, 4MD, EV 103.1 MPH)
Batting: SHB Nelson Jiménez 0-0: Called Strike
0-1: Ball
1-1: Called Strike
1-2: Strikes out looking
Batting: LHB Norberto Liñares 0-0: Called Strike
0-1: Foul Ball, location: 7LMF
0-2: Grounds into double play, 6-4-3 (Groundball, 6, EV 97.5 MPH)
Top of the 9th over - 0 runs, 1 hit, 0 errors, 0 left on base; Tennessee 6 - Pensacola 1
BOTTOM OF THE 9TH
Pensacola Blue Wahoos batting - Pitching for Tennessee Smokies : RHP Greg Roach
Batting: LHB José Guedán 0-0: Swinging Strike
0-1: Fly out, F8 (Flyball, 78S, EV 96.9 MPH)
Batting: SHB Jorge Mendoza 0-0: Ground out 6-3 (Groundball, 6M, EV 108.1 MPH)
Batting: LHB Juan Lazu 0-0: Swinging Strike
0-1: Called Strike
0-2: Strikes out swinging
Bottom of the 9th over - 0 runs, 0 hits, 0 errors, 0 left on base; Tennessee 6 - Pensacola 1
Monday, April 1st , 2024 - OOTP Baseball 24.10 Build 82